Map: Кровавое диско РВ

Players

llllllllllll

  • Race: Protoss Protoss
  • League: Master
  • Spawn Location: 3:00

IIIIIIIIIIII - Winner!

  • Race: Protoss Protoss
  • League: Grandmaster
  • Spawn Location: 9:00

VOD

Have the link to the VOD?

Description

Time

  • Played on: Oct. 6, 2019, 9:44 a.m.
  • Length: 12:48
Show
View Real Time Build Order
Export as new Build Order

llllllllllll Protoss 

Build Orders: Zealot Archon 

Get SALT Encoding   

  12  0:01  Probe  
  13  0:13  Probe  
  14  0:17  Pylon  
  14  0:25  Probe (Chrono Boost)  
  15  0:37  Probe (Chrono Boost)  
  15  0:38  Gateway  
  16  0:45  Probe (Chrono Boost)  
  16  0:46  Assimilator  
  17  0:51  Probe  
  17  0:54  Assimilator  
  18  1:03  Probe (Chrono Boost)  
  19  1:07  Gateway  
  19  1:13  Probe (Chrono Boost)  
  19  1:18  Probe (Chrono Boost)  
  20  1:25  Cybernetics Core  
  21  1:30  Probe  
  22  1:33  Pylon  
  22  1:42  Probe  
  24  1:54  Probe  
  24  2:04  Warp Gate (Chrono Boost), Sentry, Stalker  
  28  2:12  Pylon  
  28  2:32  Stalker  
  28  2:34  Stalker  
  31  2:45  Nexus  
  31  2:55  Robotics Facility  
  31  3:00  Probe  
  33  3:12  Probe  
  33  3:20  Pylon  
  33  3:24  Probe  
  34  3:35  Twilight Council  
  34  3:37  Probe  
  34  3:38  Stalker  
  34  3:39  Stalker  
  39  3:43  Observer  
  40  3:50  Probe (Chrono Boost)  
  41  3:58  Probe (Chrono Boost)  
  43  4:06  Probe (Chrono Boost)  
  43  4:07  Probe (Chrono Boost)  
  43  4:09  Blink (Chrono Boost)  
  44  4:12  Probe (Chrono Boost)  
  44  4:13  Probe  
  46  4:20  Forge  
  46  4:24  Probe, Stalker  
  48  4:25  Probe  
  48  4:30  Stalker  
  52  4:36  Probe  
  52  4:37  Probe  
  54  4:41  Pylon  
  54  4:48  Probe  
  54  4:49  Probe  
  54  4:50  Protoss Ground Weapons Level 1 (Chrono Boost)  
  54  5:00  Probe  
  54  5:01  Probe  
  56  5:11  Nexus  
  56  5:12  Probe  
  56  5:13  Assimilator, Probe  
  57  5:14  Assimilator  
  57  5:20  Observer, Immortal (Chrono Boost)  
  57  5:24  Probe  
  57  5:25  Probe  
  61  5:37  Probe (Chrono Boost)  
  61  5:40  Probe (Chrono Boost)  
  63  5:49  Probe (Chrono Boost)  
  63  5:52  Observer  
  63  5:54  Probe (Chrono Boost)  
  63  5:55  Probe (Chrono Boost)  
  66  5:59  Gateway  
  66  6:01  Gateway  
  66  6:02  Gateway, Probe  
  66  6:03  Gateway, Probe  
  67  6:14  Probe  
  67  6:15  Probe  
  67  6:17  Gateway  
  69  6:19  Gateway  
  69  6:26  Probe  
  69  6:27  Probe  
  69  6:31  Templar Archives  
  71  6:35  Pylon  
  71  6:36  Probe  
  71  6:38  Probe  
  71  6:39  Probe  
  74  6:45  Pylon  
  72  6:48  Probe, Protoss Ground Weapons Level 2 (Chrono Boost)  
  72  6:50  Probe  
  72  6:51  Probe  
  75  6:56  Immortal (Chrono Boost)  
  75  7:00  Probe  
  80  7:02  Probe  
  80  7:03  Probe  
  82  7:10  Pylon  
  82  7:12  Probe  
  82  7:14  Probe  
  82  7:15  Probe, Stalker  
  86  7:19  Assimilator  
  86  7:20  High Templar x4  
  86  7:22  Assimilator  
  95  7:24  Warp Prism (Chrono Boost), Probe  
  95  7:26  Probe  
  95  7:27  Archon x2  
  95  7:28  Probe  
  100  7:31  Pylon  
  100  7:36  Probe  
  101  7:38  Stalker x2  
  101  7:39  Probe  
  101  7:40  Probe  
  105  7:49  Probe  
  105  7:51  Probe  
  107  7:52  Probe  
  107  8:01  Probe  
  107  8:02  High Templar x2, Zealot  
  107  8:03  Zealot  
  116  8:16  Pylon  
  116  8:18  Pylon x2  
  116  8:19  Pylon  
  116  8:21  Pylon  
  116  8:25  Archon  
  116  8:28  Pylon  
  116  8:30  Photon Cannon  
  116  8:33  Immortal (Chrono Boost)  
  116  8:35  High Templar x2  
  124  8:41  Zealot  
  124  8:42  Zealot x5  
  124  8:48  Pylon  
  136  8:50  Archon  
  136  8:52  Nexus  
  136  8:53  Protoss Ground Weapons Level 3 (Chrono Boost)  
  136  8:56  Photon Cannon  
  136  9:06  Zealot x3  
  136  9:07  Zealot x4  
  150  9:10  Pylon  
  150  9:18  Pylon  
  150  9:22  Charge  
  149  9:26  Stalker  
  147  9:39  Zealot  
  147  9:40  Zealot x3  
  155  9:48  Zealot x2  
  131  9:53  Probe  
  110  10:00  Probe  
  110  10:01  Probe  
  110  10:03  Assimilator  
  110  10:06  Gateway  
  112  10:07  Assimilator  
  112  10:08  Gateway, Warp Prism (Chrono Boost)  
  112  10:11  Probe  
  109  10:15  High Templar  
  109  10:16  High Templar x7  
  109  10:18  Probe x2  
  109  10:20  Probe  
  128  10:22  Archon x3  
  128  10:23  Probe, Archon  
  128  10:28  Immortal  
  129  10:30  Probe  
  129  10:31  Photon Cannon  
  129  10:33  Photon Cannon  
  129  10:34  Shield Battery  
  134  10:48  Zealot  
  136  10:50  High Templar x4  
  136  10:51  Zealot x3  
  136  10:53  Pylon  
  136  10:56  Archon x2  
  150  11:22  Zealot  
  150  11:23  Zealot x7  
  150  11:24  Zealot x2  
  161  11:29  Probe x4  
  148  11:45  High Templar x4  
  152  11:48  Photon Cannon  
  152  11:49  Probe  
  152  11:51  Archon  
  152  11:52  Archon  
  152  11:53  Zealot  
  151  11:55  Zealot x2  
  151  11:56  Zealot x3  
  102  12:16  Zealot  
  102  12:17  Zealot x5  
  102  12:18  Zealot  
  83  12:32  High Templar x2  
  83  12:33  Zealot  
  83  12:36  Archon  
  79  12:39  High Templar x3  
  79  12:40  High Templar  
  79  12:41  High Templar x2  
  79  12:42  Zealot  
  89  12:45  Archon  
Show
View Real Time Build Order
Export as new Build Order

IIIIIIIIIIII Protoss - Winner!

Build Orders: Phoenix Opening, Archon Immortal 

Get SALT Encoding   

  12  0:00  Probe  
  13  0:12  Probe  
  14  0:17  Pylon  
  14  0:25  Probe (Chrono Boost)  
  16  0:37  Gateway, Probe (Chrono Boost)  
  16  0:42  Probe (Chrono Boost)  
  16  0:46  Assimilator  
  17  0:51  Probe  
  17  0:54  Assimilator  
  18  1:03  Probe (Chrono Boost)  
  19  1:06  Gateway  
  19  1:15  Probe (Chrono Boost)  
  20  1:20  Probe (Chrono Boost)  
  20  1:24  Cybernetics Core  
  21  1:29  Probe  
  22  1:35  Pylon  
  22  1:41  Probe  
  23  1:53  Probe  
  24  2:01  Sentry, Stalker  
  28  2:08  Probe  
  28  2:13  Pylon  
  29  2:20  Pylon  
  29  2:21  Probe  
  30  2:23  Shield Battery  
  30  2:33  Probe  
  31  2:40  Stargate, Warp Gate (Chrono Boost)  
  31  2:47  Probe  
  32  3:02  Nexus  
  32  3:09  Probe  
  32  3:11  Sentry  
  32  3:12  Stalker  
  37  3:19  Pylon  
  37  3:26  Phoenix (Chrono Boost)  
  39  3:37  Probe  
  40  3:45  Phoenix  
  42  3:49  Probe  
  42  3:50  Pylon  
  42  3:55  Robotics Facility  
  43  4:01  Probe  
  44  4:10  Phoenix (Chrono Boost)  
  44  4:14  Probe (Chrono Boost)  
  48  4:19  Probe (Chrono Boost)  
  48  4:23  Probe (Chrono Boost)  
  49  4:27  Probe (Chrono Boost)  
  49  4:28  Probe (Chrono Boost)  
  51  4:37  Forge, Probe  
  52  4:40  Assimilator, Probe  
  52  4:43  Assimilator  
  53  4:48  Immortal  
  53  4:51  Probe  
  58  4:56  Protoss Ground Weapons Level 1 (Chrono Boost)  
  58  4:59  Probe  
  59  5:03  Probe  
  59  5:04  Adept x2  
  64  5:11  Probe  
  65  5:15  Twilight Council  
  65  5:28  Immortal (Chrono Boost)  
  69  5:33  Pylon  
  69  5:35  Probe  
  70  5:51  Charge, Probe  
  70  5:53  Nexus  
  71  6:01  Gateway  
  71  6:03  Gateway  
  71  6:12  Immortal  
  71  6:16  Templar Archives  
  75  6:19  Pylon  
  75  6:25  Pylon  
  75  6:29  Probe  
  75  6:30  Probe  
  77  6:35  Gateway  
  77  6:36  Gateway  
  77  6:46  Protoss Ground Weapons Level 2 (Chrono Boost)  
  77  6:52  Observer  
  78  6:55  Gateway x2  
  78  6:57  Pylon  
  78  6:58  Probe x2  
  80  7:05  High Templar x2  
  80  7:06  Zealot  
  86  7:10  Probe x2  
  90  7:18  Immortal  
  90  7:19  Archon  
  90  7:21  Pylon, Probe  
  90  7:22  Probe  
  94  7:25  Photon Cannon  
  94  7:30  High Templar x2  
  94  7:34  Photon Cannon  
  98  7:37  Shield Battery  
  98  7:48  Archon  
  98  7:49  Probe x3  
  101  7:56  Warp Prism  
  103  7:58  High Templar  
  103  7:59  High Templar  
  103  8:01  Probe x3  
  103  8:02  Pylon  
  103  8:03  Zealot, Archon  
  112  8:06  Pylon  
  112  8:11  Pylon  
  112  8:15  Shield Battery, Photon Cannon  
  112  8:16  Shield Battery  
  112  8:20  Assimilator  
  112  8:22  Assimilator  
  112  8:28  High Templar, Probe  
  112  8:29  High Templar, Zealot x2  
  121  8:35  Archon, Zealot  
  121  8:36  Zealot x2  
  127  8:43  Protoss Ground Weapons Level 3 (Chrono Boost)  
  127  8:47  Zealot  
  129  8:52  Gateway  
  129  8:54  Gateway  
  129  8:57  Gateway  
  129  9:03  High Templar x2  
  129  9:04  Zealot x2  
  129  9:07  Archon  
  129  9:08  Zealot x2  
  141  9:19  Pylon x2  
  141  9:21  Pylon  
  141  9:37  Zealot x5  
  141  9:38  Zealot x3  
  131  9:53  Zealot x3  
  123  10:00  Zealot x7  
  123  10:05  Zealot  
  137  10:20  High Templar x4  
  137  10:21  High Templar x4  
  149  10:22  Zealot x2  
  149  10:24  Archon x2  
  149  10:25  Archon x2  
  157  10:42  Pylon  
  157  10:43  Pylon  
  157  10:44  Nexus  
  157  10:45  Pylon x2  
  157  10:55  High Templar x4  
  165  11:00  Archon x2  
  165  11:01  Zealot x2  
  165  11:02  Zealot x2  
  173  11:13  Zealot x3  
  152  11:37  Zealot  
  152  11:38  Zealot x8  
  152  11:39  Zealot x2  
  162  12:05  Zealot x2  
  162  12:06  Zealot x7  
  162  12:07  Zealot x2  
  116  12:29  Zealot x4  
  118  12:30  Zealot x2  
  118  12:36  Zealot x5  
Tags
 
Add a new tag
Caveats
  • Supply blocks, unpowered buildings, or Contaminate may cause inaccurate times.
  • Supply counts are checked every 10 seconds.